 Dungeon Crawl Stone Soup version 0.30.1-4-g462c640d31 (webtiles) character file.

Game seed: 12513424755149997264

286 Cheops the Caller (level 6, -11/41 HPs)
             Began as a Merfolk Summoner on Sept 17, 2023.
             Mangled by Edmund
             ... wielding a +1 heavy flail
              (15 damage)
             ... on level 4 of the Dungeon.
             The game lasted 00:13:28 (3980 turns).

Cheops the Caller (Merfolk Summoner)                Turns: 3980, Time: 00:13:28

Health: -11/41     AC:  4    Str:  8    XL:     6   Next: 30%
Magic:  5/10       EV: 13    Int: 16    God:
Gold:   203        SH:  0    Dex: 15    Spells: 1/11 levels left

rFire   . . .        i - +0 spear
rCold   + . .        (no shield)
rNeg    . . .        q - +1 robe {rC+}
rPois   .            c - +0 helmet
rElec   .            (no cloak)
rCorr   .            (no gloves)
SInv    +            (no boots)
Will    +....        (no amulet)
Stlth   ++           p - ring of see invisible
HPRegen 0.26/turn    r - ring of willpower
MPRegen 0.12/turn

%: no passive effects
@: no status effects
A: (nimble swimmer 2), mertail
a: no special abilities


You were on level 4 of the Dungeon.
You visited 1 branch of the dungeon, and saw 4 of its levels.

You collected 203 gold pieces.

Inventory:

Hand Weapons
 a - a +0 dagger
 i - a +0 spear (weapon)
Armour
 c - a +0 helmet (worn)
 q - a +1 robe of cold resistance (worn)
Jewellery
 l - an amulet of guardian spirit
 p - a ring of see invisible (left hand)
 r - a ring of willpower (right hand)
Scrolls
 e - a scroll of acquirement {unknown}
 g - a scroll of poison {unknown}
 h - 2 scrolls of teleportation {unknown}
 m - a scroll of identify {unknown}
 n - 2 scrolls of blinking {unknown}
Potions
 b - a potion of magic
 f - a potion of resistance {unknown}
 j - a potion of invisibility {unknown}
 k - a potion of mutation {unknown}
 o - a potion of might {unknown}
 s - a potion of degeneration {unknown}


   Skills:
 + Level 3.5 Polearms
 - Level 3.0 Dodging
 - Level 2.4 Stealth
 - Level 3.0 Spellcasting
 * Level 6.1 Summonings


You had one spell level left.
You knew the following spells:

 Your Spells              Type           Power      Damage    Failure   Level
c - Call Canine Familiar  Summ           21%        N/A       4%          3
i - Call Imp              Summ           42%        N/A       2%          2
l - Summon Lightning Spi  Summ/Air       12%        N/A       47%         4
m - Summon Small Mammal   Summ           84%        N/A       1%          1

Your spell library contained the following spells:

 Spells                   Type           Power      Damage    Failure   Level
 Apportation              Tloc           4%         N/A       19%         1
 Necrotise                Necr           8%         1d4       19%         1
 Summon Guardian Golem    Hex/Summ       12%        N/A       16%         3
 Dazzling Flash           Conj/Hex       4%         N/A       50%         3
 Animate Dead             Necr           2%         N/A       88%         4
 Agony                    Necr           2%         N/A       99%         5
 Irradiate                Conj/Tmut      1%         3d12      99%         5
 Silence                  Hex/Air        1%         N/A       99%         5
 Statue Form              Tmut/Erth      1%         N/A       100%        6


Dungeon Overview and Level Annotations

Branches:
Dungeon (4/15)
 Temple: D:4-7

Altars:

Annotations:
D:3 2 transporters, Nick1's ghost, amateur FoFi
D:4 Edmund; Eustachio


Innate Abilities, Weirdness & Mutations

((You are very nimble when in or above water. (Stealth+, EV+, Speed+++)))
Your lower body shifts to a powerful aquatic tail in water.


Message History

Magic restored.
You start resting.
HP restored.
There is a stone staircase leading down here.
Okay, then.
Okay, then.
You climb downwards.
Level annotation: Edmund; Eustachio Edmund hits you with a +1 heavy flail!
There is a stone staircase leading up, spattered with blood here.
Casting: Call Imp (safe; 2% risk of failure)
Confirm with . or Enter, or press ? or * to list all spells.
Edmund hits you with a +1 heavy flail!
* * * LOW HITPOINT WARNING * * *
Casting: Call Canine Familiar (dangerous; 4% risk of failure)
Confirm with . or Enter, or press ? or * to list all spells.
A tiny devil pulls itself out of the air.
Your hound misses Edmund.
You swap places.
Your hound bites Edmund.
Your cerulean imp barely misses Edmund.
You completely miss Edmund.
Edmund is lightly wounded.
Edmund hits you with a +1 heavy flail!
* * * LOW HITPOINT WARNING * * *
Your hound bites Edmund but does no damage.
Your cerulean imp barely misses Edmund.
You hit Edmund but do no damage.
Edmund is lightly wounded.
Your hound bites Edmund.
Edmund hits you with a +1 heavy flail.
* * * LOW HITPOINT WARNING * * *
Your hound barely misses Edmund.
Your cerulean imp barely misses Edmund.
You hit Edmund but do no damage.
Edmund is lightly wounded.
Your hound bites Edmund but does no damage.
You barely miss Edmund.
Edmund is lightly wounded.
Your hound bites Edmund but does no damage.
Your cerulean imp hits Edmund but does no damage.
Edmund hits you with a +1 heavy flail!
You die...

#########.#....#..............#
##......#.#.....#.#####.......#
##.####.#.#####.#.#####.......#
...............................
........#.##......#.###.#......
.....#.##.##......#..##.#.....#
.....#..#.##.....###..#.#.....#
........#.##.....'......#######
.#+######.##..h@@####..## .#
.......5.#####..# .#
#....######....)######### ##
#.... #.....5##...... #....
#......@....... ##..
#.....###.....@ #. ###...#
#.....) #...# ##+#### #...#


You could see Edmund (ally target), a friendly hound (summoned) and a friendly
cerulean imp (summoned).

Vanquished Creatures
  An orc priest (D:3)
  An orc wizard (D:3)
  An adder (D:3)
  A worm (D:3)
  2 ball pythons
  3 bats
  2 endoplasms (D:1)
  2 giant cockroaches
  2 hobgoblins (D:2)
  2 quokkas
  3 frilled lizards
  2 rats
22 creatures vanquished.

Vanquished Creatures (collateral kills)
  A water moccasin (D:3)
  An orc wizard (D:3)
  4 adders
  An orc (D:3)
  3 endoplasms
  3 giant cockroaches
  3 goblins
  3 hobgoblins
  6 kobolds
  A quokka (D:1)
  A ball python (D:2)
27 creatures vanquished.

Grand Total: 49 creatures vanquished

Notes
Turn   | Place    | Note
-------+----------+-------------------------------------------
     0 | D:1      | Cheops the Merfolk Summoner began the quest for the Orb.
     0 | D:1      | Reached XP level 1. HP: 13/13 MP: 3/3
   373 | D:1      | Reached XP level 2. HP: 19/19 MP: 5/5
   539 | D:1      | Learned a level 2 spell: Call Imp
  1387 | D:2      | Reached XP level 3. HP: 11/24 MP: 2/7
  1391 | D:2      | Learned a level 3 spell: Call Canine Familiar
  1819 | D:2      | Got the Quarto of the Grave and Reconstruction
  2702 | D:3      | Reached skill level 1 in Polearms
  2702 | D:3      | Reached XP level 4. HP: 23/30 MP: 3/8
  3079 | D:3      | Reached skill level 5 in Summonings
  3084 | D:3      | Reached XP level 5. HP: 30/35 MP: 3/9
  3253 | D:3      | Found a transporter.
  3253 | D:3      | Noticed Nick1's ghost (amateur FoFi)
  3254 | D:3      | Found a transporter.
  3390 | D:3      | Learned a level 4 spell: Summon Lightning Spire
  3441 | D:4      | Noticed Eustachio
  3720 | D:4      | Noticed Edmund
  3876 | D:4      | Noticed a water moccasin
  3895 | D:3      | Killed a water moccasin
  3896 | D:3      | Reached skill level 6 in Summonings
  3896 | D:3      | Reached XP level 6. HP: 10/41 MP: 5/10
  3980 | D:4      | Mangled by Edmund

Illustrated notes

Levels and vault maps discovered:
D:1:      grunt_arrival_crossed_arrows, layout_loops_corners
D:2:      layout_loops_corners
D:3:      layout_basic, gammafunk_ghost_smash
D:4:      layout_basic, uniq_eustachio, uniq_blork_the_orc, uniq_pikel,
          uniq_edmund

Skill      XL: |  1  2  3  4  5 |
---------------+----------------+-----
Dodging        | 3 |  3.0
Spellcasting   | 3 |  3.0
Polearms       | 1 2 3 |  3.5
Summonings     | 5 6 |  6.1
Stealth        | |  2.4

Action                     |  1- 3 |  4- 6 || total
---------------------------+-------+-------++-------
  Melee: Unarmed           |    14 |       ||    14
         Dagger            |    28 |       ||    28
         Spear             |    48 |    58 ||   106
   Cast: Summon Small Mamm |    25 |     1 ||    26
         Call Imp          |    11 |     4 ||    15
         Call Canine Famil |     5 |    11 ||    16
    Use: Potion            |       |     3 ||     3
   Stab: Distracted        |     1 |       ||     1
         Sleeping          |     1 |       ||     1
 Armour: Robe              |    15 |    10 ||    25
  Dodge: Dodged            |    69 |    40 ||   109
